AoeStats
← in440591

Black Forest

507405262Analyzed
4v4 RM · 13d ago on Sep 18, 2026· 46m 45s· 8 players
Game mode
Random Map
Map size
Large (8 player)
Population
200
Speed
Normal
Resources
Standard
Victory
Conquest
Starting age
Dark Age
Ending age
Imperial Age
RankedLock teamsTeams togetherTeam positionsShared explorationLock speedFull tech treeHidden civsTurbo modeCheats
Victory
Defeat
🇦🇷 Vietnamese · Argentina
1065
+9
🇦🇷 Persians · Argentina
916
+15
🇦🇷 Poles · Argentina
847
+33
🇦🇷 Mongols · Argentina
840
+35
🇵🇪 Sicilians · Peru
935
-17
🇨🇳 Persians · China
911
-16
🇵🇪 Khmer · Peru
892
-15
🇵🇪 Byzantines · Peru
836
-13
PlyerX
12:39 Feudal Age
13:55 Wheelbarrow
14:07 Horse Collar
14:33 Double-Bit Axe
17:16 Loom
19:34 Castle Age
17:45 Gold Mining
21:55 Hand Cart
25:39 Heavy Plow
27:32 Bow Saw
27:16 Stone Mining
34:12 Imperial Age
33:50 Gold Shaft Mining
34:46 Husbandry
35:33 Cavalier
36:43 Scale Mail Armor
Yailes<3
1:16 Loom
11:14 Feudal Age
12:38 Double-Bit Axe
17:40 Castle Age
16:16 Gold Mining
17:12 Stone Mining
25:12 Horse Collar
26:56 Bow Saw
28:43 Heavy Plow
29:39 Wheelbarrow
31:09 Hand Cart
30:39 Fishing Lines
32:44 Town Watch
35:31 Imperial Age
33:38 Gillnets
34:51 Gold Shaft Mining
34:55 Stone Shaft Mining
34:48 Padded Archer Armor
34:39 Fletching
35:13 Murder Holes
35:39 Ballistics
35:47 Leather Archer Armor
35:27 Elite Skirmisher
36:51 Conscription
36:45 Bodkin Arrow
37:01 Forging
39:38 Chemistry
38:41 Bracer
38:42 Scale Mail Armor
39:17 Iron Casting
38:30 Pikeman
39:40 Squires
39:01 Halberdier
41:03 Chain Mail Armor
45:13 Plate Mail Armor
45:43 Blast Furnace
Aryey
10:26 Feudal Age
12:00 Wheelbarrow
11:07 Horse Collar
11:15 Double-Bit Axe
17:34 Castle Age
18:44 Hand Cart
18:46 Bow Saw
23:28 Stone Mining
23:28 Gold Mining
23:51 Heavy Plow
26:34 Stone Shaft Mining
26:36 Gold Shaft Mining
26:33 Loom
30:42 Imperial Age
31:10 Elite Ballista Elephant
34:23 Tusk Swords
34:23 Double Crossbow
34:56 Scale Barding Armor
35:05 Forging
34:58 Scale Mail Armor
35:24 Ballistics
36:20 Crop Rotation
36:52 Conscription
37:02 Caravan
37:32 Coinage
in440591
0:29 Loom
11:27 Feudal Age
18:42 Castle Age
17:35 Double-Bit Axe
23:49 Horse Collar
30:24 Imperial Age
29:24 Gold Mining
29:36 Heavy Plow
29:51 Bow Saw
30:21 Wheelbarrow
30:52 Gold Shaft Mining
31:29 Hand Cart
32:20 Two-Man Saw
31:53 Crop Rotation
32:03 Forging
31:59 Scale Barding Armor
34:58 Iron Casting
34:45 Chain Barding Armor
33:52 Elite War Elephant
37:46 Blast Furnace
37:22 Plate Barding Armor
39:16 Kamandaran
39:32 Arson
39:47 Squires
39:07 Pikeman
39:54 Scale Mail Armor
41:02 Thumb Ring
40:19 Crossbowman
40:53 Fletching
41:03 Padded Archer Armor
41:19 Chain Mail Armor
41:20 Halberdier
43:01 Bodkin Arrow
43:22 Leather Archer Armor
44:46 Ballistics
44:36 Caravan
45:38 Ring Archer Armor
Jin
1:23 Loom
11:03 Feudal Age
14:47 Double-Bit Axe
19:41 Castle Age
18:44 Fishing Lines
22:42 Bow Saw
22:43 Horse Collar
25:06 Wheelbarrow
25:30 Gold Mining
26:00 Gillnets
26:16 Heavy Plow
26:16 Stone Mining
27:30 Hand Cart
31:52 Szlachta Privileges
32:00 Forging
31:56 Scale Barding Armor
34:55 Imperial Age
34:03 Husbandry
34:15 Bloodlines
34:46 Iron Casting
34:31 Chain Barding Armor
35:24 Caravan
35:03 Cavalier
36:20 Crop Rotation
37:15 Blast Furnace
38:02 Conscription
38:46 Stone Shaft Mining
41:04 Pikeman
41:44 Squires
42:06 Light Cavalry
43:44 Fletching
45:10 Bodkin Arrow
45:58 Bracer
46:44 Winged Hussar
pichirica
0:47 Loom
12:53 Feudal Age
16:58 Castle Age
15:08 Double-Bit Axe
15:07 Horse Collar
17:45 Gold Mining
17:45 Stone Mining
17:45 Gold Mining
21:04 Town Watch
25:47 Wheelbarrow
26:47 Bow Saw
28:04 Hand Cart
28:28 Stone Shaft Mining
28:02 Heavy Plow
31:53 Imperial Age
31:10 Ballistics
30:43 Fletching
30:53 Padded Archer Armor
31:06 Forging
31:02 Scale Barding Armor
31:29 Bodkin Arrow
31:39 Scale Barding Armor
31:30 Bodkin Arrow
31:40 Scale Barding Armor
32:11 Chatras
32:13 Husbandry
32:25 Bloodlines
32:34 Town Patrol
33:06 Leather Archer Armor
34:06 Chemistry
33:23 Fishing Lines
34:38 Iron Casting
34:05 Bracer
34:45 Iron Casting
35:39 Paper Money
36:11 Chain Barding Armor
38:16 Ring Archer Armor
39:00 Plate Barding Armor
40:45 Elite Battle Elephant
40:47 Elite Rattan Archer
42:42 Two-Man Saw
Dr. Sexo
1:12 Loom
13:38 Feudal Age
18:03 Castle Age
19:13 Double-Bit Axe
19:11 Horse Collar
20:07 Stone Mining
21:08 Bow Saw
21:00 Heavy Plow
25:21 Gold Mining
31:37 Imperial Age
29:47 Wheelbarrow
30:11 Kamandaran
29:36 Crossbowman
31:53 Hand Cart
32:24 Conscription
32:15 Thumb Ring
32:59 Gold Shaft Mining
33:17 Caravan
33:32 Fletching
33:43 Padded Archer Armor
36:39 Two-Man Saw
36:35 Stone Shaft Mining
36:56 Bodkin Arrow
37:16 Leather Archer Armor
37:41 Ballistics
37:13 Pikeman
37:54 Squires
37:39 Arson
37:36 Elite Skirmisher
38:35 Scale Barding Armor
39:30 Halberdier
40:25 Forging
40:15 Scale Mail Armor
41:46 Iron Casting
41:17 Scale Mail Armor
44:05 Blast Furnace
44:13 Chemistry
Reaper
1:21 Loom
10:17 Feudal Age
15:56 Castle Age
14:51 Double-Bit Axe
14:50 Horse Collar
17:57 Wheelbarrow
17:39 Bow Saw
19:32 Gold Mining
24:48 Heavy Plow
24:52 Town Watch
25:41 Scale Barding Armor
26:18 Stone Mining
28:24 Fletching
28:48 Forging
29:01 Chain Barding Armor
30:49 Hand Cart
30:45 Bodkin Arrow
31:26 Iron Casting
32:09 Gold Shaft Mining
32:13 Stone Shaft Mining
35:16 Imperial Age
33:16 Husbandry
33:30 Bloodlines
34:04 Padded Archer Armor
34:38 Ballistics
34:15 Murder Holes
36:53 Elite Steppe Lancer
41:43 Blast Furnace
44:43 Chemistry
Connection lost

Rejoining the realm…

Still unreachable

The connection could not be restored.

Session expired

The server has moved on; the page needs a fresh start.